 Dungeon Crawl Stone Soup version 0.32-a0-898-g7811c86cf0 (webtiles) character file.

Game seed: 6589363199430840952

86 shadizar the Magician (level 4, -2/31 HPs)
             Began as a Djinni Conjurer on Apr 4, 2024.
             Slain by a gnoll
             ... wielding a +0 halberd
              (11 damage)
             ... on level 3 of the Dungeon.
             The game lasted 00:00:57 (1598 turns).

shadizar the Magician (Djinni Conjurer)             Turns: 1598, Time: 00:00:58

Health: -2/31      AC:  2    Str:  6    XL:     4   Next: 77%
Gold:   59         EV: 11    Int: 22    God:
                   SH:  0    Dex: 11

rFire   + + .        (no weapon)
rCold   x . .        (no shield)
rNeg    . . .        a - +0 robe
rPois   ∞            (no helmet)
rElec   .            (no cloak)
rCorr   .            (no gloves)
SInv    .            (boots unavailable)
Will    .....        (no amulet)
Stlth   ++           (no ring)
HPRegen 0.25/turn    (no ring)

%: infuse magic (-3 HP)
@: flying
A: sickness immunity, fire resistance 2, cold vulnerability 1, float, innate
caster, HP casting, extra vitality 1
a: no special abilities


You were on level 3 of the Dungeon.
You visited 1 branch of the dungeon, and saw 3 of its levels.

You collected 59 gold pieces.

Inventory:

Armour
 a - a +0 robe (worn)
Jewellery
 k - an amulet of regeneration
 m - a ring of resist corrosion
Scrolls
 b - a scroll of noise {unknown}
 c - 6 scrolls of identify {unknown}
 e - a scroll of fear {unknown}
 f - a scroll of blinking {unknown}
 g - a scroll of amnesia {unknown}
 j - a scroll of fog {unknown}
 n - a scroll of immolation {unknown}
Potions
 d - a potion of berserk rage {unknown}
 h - a potion of might {unknown}
 i - 3 potions of curing {unknown}
 l - a potion of enlightenment {unknown}


   Skills:
 - Level 2.1 Dodging
 - Level 1.5 Stealth
 + Level 4.8 Spellcasting
 + Level 4.8 Conjurations
 + Level 4.8 Hexes
 + Level 4.8 Summonings
 + Level 4.8 Necromancy
 + Level 4.8 Translocations
 + Level 4.8 Fire Magic
 + Level 4.8 Ice Magic
 + Level 4.8 Air Magic
 + Level 4.8 Earth Magic
 + Level 4.8 Alchemy


You knew the following spells:

 Your Spells              Type           Power      Damage    Failure   Level
a - Magic Dart            Conj           100%       1d8       1%          1
b - Searing Ray           Conj           52%        2d6       2%          2
c - Fulminant Prism       Conj/Alch      13%        3d9       14%         4
d - Iskenderun's Mystic Conj/Tloc 26%            2d7        (+2d3     14%         4
e - Apportation           Tloc           52%        N/A       1%          1
Your spell library was empty.

Dungeon Overview and Level Annotations

Branches:
Dungeon (3/15)

Altars:


Innate Abilities, Weirdness & Mutations

You are immune to sickness and miasma.
You are immune to poison.
Your flesh is very heat resistant. (rF++)
You are vulnerable to cold. (rC-)
You float through the air rather than walking.
You learn spells naturally, not from books.
Your magical power is your life essence.
You have superior vitality. (+4 MHP)


Message History

Unknown command.
Unknown command.
Unknown command.
Unknown command.
Unknown command.
Unknown command.
The searing ray hits the gnoll.
The gnoll is moderately wounded.
The searing ray hits the gnoll.
The gnoll is severely wounded.
The searing ray hits the gnoll!
You kill the gnoll!
You finish channelling your searing ray.
Casting: Searing Ray (safe; 2% risk of failure)
Confirm with . or Enter, or press ? or * to list all spells.
Aiming: Searing Ray (safe; 2% risk of failure)
Press: ? - help, Shift-Dir - straight line, f - gnoll
Aim: a gnoll, wielding a +0 club (82% to hit)
The searing ray hits the gnoll.
The gnoll is heavily wounded.
The searing ray misses the gnoll. (Press . to maintain the ray.) Unknown command.
Unknown command.
Unknown command.
Unknown command.
Unknown command.
The searing ray hits the gnoll!
You kill the gnoll!
The searing ray hits the gnoll.
The gnoll is moderately wounded.
The gnoll barely misses you.
The searing ray hits the gnoll.
The gnoll is almost dead.
The gnoll hits you from afar with a +0 halberd!
The searing ray misses the gnoll.
* * * LOW HITPOINT WARNING * * *
You finish channelling your searing ray.
The gnoll hits you from afar with a +0 halberd!
You die...

#. #.... .#####.###.....
.g...........
...#....... #.....#.#
.###..#...### ## #
....!.K...g.# ###.# #
.###?###..#)########...#
# #..#.@........#.######
#..###......##..##....
.......###.###.###.###
##.......##.<...##..##
####.......#........##
###..##..#.###.#..#
##...........##..
##......#######.
.....#......)# ##


You could see a gnoll.

Vanquished Creatures
  3 gnolls (D:3)
  A dart slug (D:1)
  A ribbon worm (D:2)
  3 endoplasms
  4 giant cockroaches
  4 hobgoblins
  6 jackals
  6 kobolds (D:1)
  A quokka (D:1)
  3 ball pythons
  5 bats (D:1)
  3 frilled lizards (D:1)
  6 goblins
  3 rats
49 creatures vanquished.

Notes
Turn   | Place    | Note
-------+----------+-------------------------------------------
     0 | D:1      | shadizar the Djinni Conjurer began the quest for the Orb.
     0 | D:1      | shadizar set off with the following spells memorised: Magic
                  | Dart, Searing Ray, Fulminant Prism, Iskenderun's Mystic
                  | Blast.
     0 | D:1      | Reached XP level 1. HP: 15/15 MP: 0/0
    88 | D:1      | Reached XP level 2. HP: 14/21 MP: 0/0
   362 | D:1      | Found a faded altar of an unknown god.
   436 | D:1      | Reached XP level 3. HP: 23/25 MP: 0/0
   436 | D:1      | Learned a level 1 spell: Apportation
  1164 | D:2      | Reached XP level 4. HP: 27/31 MP: 0/0
  1598 | D:3      | Slain by a gnoll

Illustrated notes

Levels and vault maps discovered:
D:1:      tarquinn_simple_flora_water_b, layout_loops_cross,
          hellmonk_ecumenical_altar_leap_of_faith, minmay_misc_feat_columns,
          minmay_box_of_dots
D:2:      layout_rooms, grunt_decor_fettered
D:3:      layout_rooms, mainiacjoe_overflow_large_starburst,
          gammafunk_ghost_split

Skill      XL: |  1  2 |
---------------+-------+-----
Spellcasting   | 4 |  4.8
Conjurations   | 4 |  4.8
Hexes          | 4 |  4.8
Summonings     | 4 |  4.8
Necromancy     | 4 |  4.8
Translocations | 4 |  4.8
Fire Magic     | 4 |  4.8
Ice Magic      | 4 |  4.8
Air Magic      | 4 |  4.8
Earth Magic    | 4 |  4.8
Alchemy        | 4 |  4.8
Dodging        | |  2.1
Stealth        | |  1.5

Action                     |  1- 3 |  4- 6 || total
---------------------------+-------+-------++-------
   Cast: Magic Dart        |    68 |    13 ||    81
         Searing Ray       |       |     2 ||     2
 Armour: Robe              |    10 |     5 ||    15
  Dodge: Dodged            |    14 |     2 ||    16

Table legend: (Time is in decaauts)
 A = Elapsed time spent in this place.
 B = Non-inter-level travel time spent in this place.
 C = Inter-level travel time spent in this place.
 D = Time resting spent in this place.
 E = Time spent auto-exploring this place.
 F = Levels seen in this place.
 G = Mean time per level.
                   A        B        C        D        E       F      G
               +--------+--------+--------+--------+--------+-----+--------+
         Total |   1597 |   1529 |     68 |      0 |   1364 |   3 |  532.3 |
       Dungeon |   1597 |   1529 |     68 |      0 |   1364 |   3 |  532.3 |
               +--------+--------+--------+--------+--------+-----+--------+

Top non-repeatable levels by time:
     D:1: 948 daAuts
     D:2: 583 daAuts
     D:3: 65 daAuts
